Map: 10000 Feet LE

Players

Raptor - Winner!

  • Race: Protoss Protoss
  • League: Silver
  • Spawn Location: 5:00

Deluxe

  • Race: Terran Terran
  • Spawn Location: 11:00

VOD

Have the link to the VOD?

Description

Time

  • Played on: May 30, 2026, 8:58 p.m.
  • Length: 48:30
Show
View Real Time Build Order
Export as new Build Order

Raptor Protoss - Winner!

Build Orders: Cannon Rush 

Get SALT Encoding   

  1  0:00  Probe  
  12  0:05  Probe  
  14  0:21  Pylon  
  14  0:32  Pylon  
  14  0:41  Forge  
  14  0:44  Probe  
  15  0:56  Probe  
  16  1:09  Probe  
  17  1:14  Gateway  
  17  1:22  Photon Cannon  
  17  1:32  Photon Cannon  
  17  1:37  Photon Cannon  
  17  1:43  Pylon  
  17  1:50  Pylon  
  17  1:57  Gateway  
  17  2:00  Probe  
  18  2:08  Probe  
  18  2:14  Cybernetics Core  
  19  2:23  Photon Cannon  
  19  2:30  Pylon  
  19  2:38  Photon Cannon  
  19  2:46  Photon Cannon  
  19  3:06  Assimilator  
  19  3:10  Assimilator  
  19  3:22  Pylon  
  19  3:30  Probe  
  20  3:38  Probe  
  21  3:48  Probe  
  22  3:58  Nexus  
  22  4:00  Probe  
  23  4:10  Photon Cannon  
  23  4:12  Probe, Photon Cannon  
  24  4:22  Probe  
  24  4:23  Photon Cannon  
  24  4:30  Probe  
  26  4:46  Stargate  
  26  4:50  Robotics Facility  
  26  4:59  Shield Battery  
  26  5:03  Shield Battery  
  26  5:32  Fleet Beacon  
  26  5:43  Photon Cannon  
  26  5:47  Photon Cannon  
  26  5:55  Probe  
  26  5:58  Photon Cannon  
  26  6:03  Probe  
  28  6:12  Probe  
  29  6:25  Probe, Tempest  
  34  6:30  Observer  
  35  6:35  Warp Gate  
  35  6:37  Probe  
  35  6:39  Stalker  
  36  6:40  Stalker  
  40  6:49  Probe  
  40  6:54  Immortal  
  45  7:03  Probe  
  46  7:11  Probe  
  46  7:17  Tempest  
  46  7:22  Probe  
  52  7:30  Probe  
  52  7:33  Observer  
  54  7:38  Probe  
  55  7:48  Probe  
  56  7:55  Probe  
  56  7:59  Tempest  
  56  8:00  Probe  
  56  8:03  Probe  
  62  8:12  Probe  
  53  9:06  Stalker  
  41  9:41  Tempest  
  41  9:43  Immortal  
  49  9:46  Stalker  
  49  9:47  Stalker  
  53  9:52  Assimilator  
  53  9:56  Assimilator  
  53  9:57  Pylon  
  53  10:00  Pylon  
  53  10:02  Pylon  
  53  10:05  Stargate  
  53  10:22  Immortal  
  53  10:27  Pylon  
  57  10:31  Pylon  
  57  10:35  Pylon  
  57  10:39  Pylon  
  57  10:40  Pylon  
  57  10:42  Twilight Council  
  57  10:44  Gateway  
  57  10:45  Gateway  
  57  10:48  Gateway  
  57  10:53  Tempest  
  61  11:09  Photon Cannon  
  61  11:10  Photon Cannon  
  61  11:12  Photon Cannon  
  61  11:14  Photon Cannon  
  61  11:15  Shield Battery  
  61  11:17  Shield Battery  
  61  11:18  Shield Battery  
  61  11:20  Shield Battery  
  61  11:23  Shield Battery  
  61  11:26  Shield Battery  
  61  11:29  Photon Cannon  
  61  11:30  Photon Cannon  
  61  11:37  Photon Cannon  
  60  12:17  Tempest  
  64  12:34  Tempest  
  68  12:41  Immortal  
  72  12:45  Stalker  
  74  12:59  Dark Shrine  
  74  13:00  Tempest  
  66  13:20  Immortal  
  70  14:00  Immortal  
  74  14:16  Tempest  
  78  14:20  Tempest  
  82  14:39  Immortal  
  86  14:59  Tempest  
  72  16:08  Photon Cannon  
  72  16:09  Photon Cannon  
  72  16:11  Photon Cannon  
  64  16:13  Photon Cannon  
  64  16:15  Photon Cannon  
  64  16:18  Photon Cannon  
  64  16:21  Photon Cannon  
  56  17:06  Photon Cannon  
  56  17:07  Photon Cannon  
  56  17:12  Probe  
  56  17:20  Probe  
  57  17:28  Probe  
  58  17:36  Probe  
  56  17:45  Probe  
  45  17:57  Probe  
  50  18:09  Probe  
  51  18:13  Photon Cannon  
  51  18:18  Warp Prism  
  49  18:25  Dark Templar  
  51  18:48  Unknown, Anion Pulse-Crystals  
  51  18:53  Nexus  
  49  19:27  Pylon  
  49  19:32  Shield Battery  
  49  19:36  Shield Battery  
  49  19:39  Dark Templar x2  
  53  20:01  Probe  
  53  20:03  Pylon  
  53  20:06  Pylon  
  54  20:09  Probe  
  55  20:20  Probe  
  56  20:32  Probe  
  57  20:44  Probe  
  58  20:56  Probe  
  59  21:08  Probe  
  60  21:35  Probe  
  61  21:43  Tempest, Probe  
  61  21:46  Tempest  
  69  21:52  Observer  
  69  21:54  Probe  
  72  22:06  Probe  
  73  22:11  Immortal, Templar Archives  
  73  22:12  Gateway  
  77  22:16  Gateway  
  77  22:18  Probe  
  78  22:50  Immortal, Photon Cannon  
  82  22:52  Photon Cannon  
  82  22:53  Photon Cannon  
  82  22:55  Photon Cannon  
  82  22:59  Photon Cannon  
  82  23:07  Photon Cannon  
  82  23:09  Assimilator  
  82  23:13  Assimilator  
  82  23:30  High Templar x2  
  82  23:31  High Templar  
  82  23:32  High Templar  
  82  23:33  High Templar  
  92  23:39  Psionic Storm  
  92  23:55  Warp Prism  
  94  23:56  Probe  
  95  24:04  Probe  
  96  24:14  Probe  
  97  24:26  Probe  
  98  24:38  Probe  
  98  24:43  Nexus  
  99  24:47  Pylon  
  99  24:54  Pylon  
  99  25:17  Nexus  
  99  25:35  Pylon  
  99  25:38  Pylon  
  99  25:39  Probe  
  99  25:47  Probe  
  100  25:56  Probe  
  101  25:57  Probe  
  101  25:59  Photon Cannon  
  103  26:04  Probe  
  103  26:09  Probe  
  105  26:14  Probe  
  106  26:21  Probe  
  107  26:28  Probe  
  108  26:33  Probe  
  108  26:36  Probe  
  109  26:41  Probe  
  111  26:47  Probe  
  111  26:48  Photon Cannon  
  111  26:49  Photon Cannon  
  111  26:51  Pylon, Probe  
  111  26:53  Probe  
  113  26:59  Probe  
  115  27:01  Probe  
  115  27:03  Assimilator, Probe  
  115  27:07  Assimilator  
  117  27:08  High Templar  
  117  27:09  High Templar x2  
  117  27:10  High Templar x2, Probe  
  117  27:11  Probe  
  117  27:15  Flux Vanes, Probe  
  129  27:17  Shadow Stride  
  129  27:22  Probe  
  131  27:34  Probe  
  132  27:37  Tempest x2  
  140  27:46  Nexus  
  140  27:55  Pylon  
  140  27:58  Pylon  
  140  28:07  Probe  
  141  28:16  Probe  
  142  28:20  Tempest x2  
  142  28:23  Photon Cannon  
  142  28:24  Photon Cannon  
  142  28:25  Photon Cannon  
  142  28:26  Probe  
  150  28:27  Photon Cannon  
  150  28:28  Photon Cannon  
  150  28:29  Photon Cannon  
  150  28:31  Photon Cannon  
  150  28:32  Photon Cannon  
  151  28:34  Photon Cannon  
  151  28:36  Shield Battery  
  151  28:38  Probe  
  152  28:42  Shield Battery  
  152  28:43  Shield Battery x2  
  152  28:46  Shield Battery  
  152  28:47  Shield Battery  
  152  28:50  Probe  
  152  28:54  Pylon  
  152  28:55  Pylon  
  153  28:56  Pylon  
  153  28:58  Pylon  
  153  29:02  Tempest  
  153  29:05  Assimilator  
  153  29:07  Assimilator  
  151  29:12  Dark Templar x3  
  151  29:13  Dark Templar x2  
  119  32:01  Stalker  
  119  32:02  Stalker x4  
  129  32:09  Assimilator  
  129  32:13  Assimilator  
  129  32:18  Photon Cannon x2  
  129  32:20  Photon Cannon  
  129  32:22  Photon Cannon  
  127  32:25  Photon Cannon  
  127  32:26  Photon Cannon  
  119  32:41  Stargate  
  119  32:44  Stargate  
  119  32:45  Stargate  
  119  32:48  Stargate  
  119  33:00  Charge  
  109  33:22  Photon Cannon  
  109  33:23  Photon Cannon  
  109  33:24  Photon Cannon  
  109  33:26  Photon Cannon  
  109  33:29  Photon Cannon x2  
  109  33:30  Photon Cannon  
  109  33:32  Photon Cannon  
  109  33:33  Photon Cannon  
  109  33:35  Photon Cannon, Shield Battery  
  109  33:38  Shield Battery  
  109  33:39  Shield Battery  
  109  33:41  Shield Battery  
  109  33:43  Shield Battery  
  109  33:46  Shield Battery  
  109  33:53  Tempest x5  
  109  33:54  Tempest  
  133  34:19  High Templar x2  
  137  34:29  Dark Templar  
  135  34:34  Dark Templar x2  
  135  34:36  Tempest x6  
  157  34:40  Blink  
  137  34:57  Probe  
  137  35:05  Probe  
  139  35:16  Probe  
  139  35:18  Tempest  
  139  35:19  Tempest x5  
  164  35:25  High Templar x2  
  164  35:26  High Templar  
  164  35:27  High Templar  
  164  35:28  Probe  
  173  35:32  High Templar  
  175  35:40  Probe  
  176  36:41  Resonating Glaives  
  176  36:53  Dark Templar x2  
  176  36:54  Dark Templar x2  
  182  36:55  Dark Templar  
  174  37:09  Immortal  
  178  37:17  Phoenix x6  
  190  37:27  Zealot x2  
  190  37:28  Zealot x2  
  190  37:29  Zealot  
  200  37:41  Protoss Shields Level 1  
  200  37:48  Protoss Air Weapons Level 1  
  200  38:01  Gateway  
  200  38:03  Gateway  
  200  38:18  Gateway  
  200  38:19  Gateway  
  200  38:27  Gateway  
  200  38:30  Gateway  
  200  38:35  Gateway x2  
  124  39:42  Protoss Ground Armor Level 1  
  80  39:49  Tempest x6  
  104  39:55  High Templar x2  
  104  39:56  High Templar x2, Protoss Air Armor Level 1  
  104  39:57  High Templar  
  114  40:12  High Templar x2  
  114  40:13  High Templar x2  
  122  40:16  Zealot x3  
  122  40:17  Zealot x2  
  122  40:31  Dark Templar  
  122  40:32  Dark Templar  
  89  40:53  Dark Templar x3  
  89  40:54  Dark Templar  
  89  40:56  Zealot x2  
  89  40:57  Zealot x4  
  98  40:58  Zealot x3  
  79  41:36  Stalker x3  
  79  41:37  Stalker x3  
  79  41:38  Stalker  
  93  41:40  Zealot x2  
  93  41:41  Zealot x4  
  93  41:44  Protoss Ground Weapons Level 1  
  105  42:09  Pylon  
  105  42:10  Nexus  
  105  42:12  Pylon x2  
  105  42:13  Assimilator  
  105  42:15  Assimilator  
  77  42:43  Dark Templar  
  77  42:44  Dark Templar x2  
  77  42:46  Stalker  
  77  42:48  Zealot x3  
  77  42:49  Zealot x4  
  77  42:50  Zealot x2  
  97  42:58  Nexus  
  97  43:17  Stalker  
  97  43:18  Stalker  
  97  43:19  Stalker  
  103  43:21  Zealot x2  
  103  43:22  Zealot x2  
  103  43:23  Zealot x4  
  103  43:24  Zealot x2  
  123  43:49  Assimilator x2, Nexus  
  123  44:10  Nexus  
  123  44:15  Zealot  
  123  44:16  Zealot x4  
  133  44:18  Stalker  
  133  44:19  Stalker x2  
  133  44:20  Stalker x3  
  133  44:21  Stalker x2  
  149  44:38  Pylon  
  149  44:40  Pylon  
  149  44:44  Pylon  
  149  44:45  Pylon  
  149  44:47  Assimilator x2  
  149  44:56  High Templar x2  
  149  44:57  High Templar x3  
  149  44:59  High Templar  
  161  45:02  Zealot x4  
  161  45:03  Zealot x3  
  162  46:24  Tempest x3  
  162  46:25  Tempest x3  
  186  47:07  Tempest  
  190  47:58  Probe  
  199  48:06  Probe  
Show
View Real Time Build Order
Export as new Build Order

Deluxe Terran 

Build Orders:  

Get SALT Encoding   

  12  0:00  SCV  
  13  0:12  SCV  
  14  0:17  Supply Depot  
  14  0:25  SCV  
  15  0:39  SCV  
  15  0:40  Barracks  
  16  0:51  SCV  
  16  0:55  Refinery  
  17  1:03  SCV  
  18  1:15  SCV  
  19  1:27  SCV  
  20  1:39  Command Center  
  20  1:49  Orbital Command, Barracks Reactor  
  20  2:01  Supply Depot  
  20  2:18  SCV  
  21  2:28  Marine x2  
  23  2:30  Factory, SCV  
  24  2:42  SCV  
  25  2:46  Marine x2  
  25  2:49  Refinery  
  27  2:54  SCV  
  28  3:02  Barracks  
  28  3:06  SCV  
  28  3:09  Engineering Bay  
  29  3:18  SCV  
  30  3:21  Orbital Command  
  30  3:31  Supply Depot  
  30  3:43  SCV  
  31  3:50  Factory Tech Lab  
  31  3:52  Barracks Tech Lab  
  31  3:54  Supply Depot  
  31  3:55  SCV  
  32  4:04  Terran Infantry Weapons Level 1  
  32  4:07  SCV  
  33  4:11  Combat Shield  
  33  4:17  Supply Depot  
  33  4:27  Starport  
  33  4:29  SCV  
  34  4:40  Supply Depot  
  34  4:41  SCV  
  35  4:45  Refinery  
  35  4:53  SCV  
  35  4:56  Barracks  
  36  5:01  SCV  
  36  5:03  Marine x2, Supply Depot  
  36  5:05  SCV  
  40  5:10  Medivac  
  40  5:13  SCV  
  43  5:17  SCV  
  43  5:19  Siege Tank  
  43  5:20  Marine  
  48  5:21  Marine  
  48  5:25  SCV  
  50  5:30  Stimpack  
  50  5:36  Marine  
  50  5:38  Marine  
  50  5:39  Marine  
  50  5:40  Medivac  
  55  5:46  Marine  
  56  5:51  Siege Tank  
  56  5:54  Marine  
  56  5:56  Marine  
  56  5:57  Marine  
  61  5:59  SCV, Refinery  
  63  6:04  Marine  
  63  6:11  Terran Infantry Armor Level 1, SCV  
  65  6:12  Medivac, Marine  
  68  6:21  Marine x2  
  68  6:22  Marine  
  68  6:23  Siege Tank, SCV  
  75  6:30  Marine  
  75  6:32  Barracks  
  76  6:35  Barracks  
  76  6:38  Marine  
  76  6:39  Marine  
  78  6:40  Marine  
  78  6:42  Medivac  
  81  6:48  Marine  
  82  6:55  Siege Tank  
  82  6:56  Marine  
  86  7:09  Supply Depot x2  
  86  7:12  Supply Depot x2  
  86  7:30  Marine x3, Medivac, Siege Tank  
  86  7:31  Marine  
  86  7:33  Supply Depot  
  86  7:34  Supply Depot  
  86  7:36  Supply Depot  
  95  7:40  Supply Depot  
  95  7:48  Marine x3  
  95  7:49  Marine  
  99  7:55  Supply Depot  
  99  8:00  Medivac, Supply Depot  
  101  8:06  Marine x3  
  89  8:23  Marine x2  
  60  9:42  Medivac  
  62  9:46  Siege Tank  
  62  9:48  Marine x3  
  62  9:49  Marine x3  
  71  10:06  Marine x6  
  77  10:09  Armory  
  77  10:12  Medivac  
  79  10:18  Siege Tank  
  82  10:24  Marine x6  
  88  10:41  Marine  
  88  10:42  Marine x5, Medivac  
  96  10:50  Siege Tank  
  99  11:00  Marine x4  
  103  11:12  Medivac  
  105  11:22  Siege Tank  
  108  11:42  Medivac  
  105  11:54  Siege Tank  
  100  12:12  Medivac  
  100  12:13  Marine x4  
  100  12:14  Marine x2  
  99  12:26  Siege Tank  
  102  12:31  Marine x6  
  108  12:42  Medivac  
  110  12:49  Marine x6  
  115  12:58  Siege Tank  
  114  13:06  Marine  
  114  13:07  Marine x5  
  114  13:12  Medivac  
  120  13:25  Marine x4  
  124  13:30  Siege Tank  
  126  13:38  Starport  
  126  13:41  Starport  
  121  14:02  Siege Tank  
  119  14:10  Viking  
  121  14:28  Marine x4  
  121  14:29  Marine x2  
  127  14:40  Viking  
  127  14:46  Marine x6  
  130  14:57  Viking x2  
  132  15:03  Marine  
  132  15:04  Marine x3  
  134  15:13  Marine  
  134  15:15  Viking  
  134  15:23  Marine  
  134  15:36  Marine, Viking  
  134  15:37  Marine x2  
  134  15:38  Marine, Viking  
  134  15:42  Marine  
  133  15:45  Viking  
  123  15:54  Marine  
  123  15:56  Marine  
  109  16:06  Viking  
  109  16:08  Viking  
  109  16:15  Viking  
  95  16:35  Marine  
  95  16:36  Marine x4, Viking  
  95  16:38  Viking  
  101  16:45  Viking  
  97  16:53  Marine x5  
  98  17:06  Viking  
  98  17:08  Viking  
  102  17:11  Marine x5  
  102  17:15  Viking  
  109  17:28  Marine  
  109  17:29  Marine x4  
  114  17:36  Viking  
  116  17:38  Viking  
  114  17:45  Viking  
  114  17:46  Marine  
  114  17:47  Marine x3  
  102  18:06  Viking  
  102  18:08  Viking  
  106  18:13  Marine  
  106  18:14  Marine x4  
  106  18:15  Viking  
  113  18:31  Marine x2  
  113  18:32  Marine x3  
  87  19:16  Liberator  
  90  19:17  Liberator x2  
  91  19:59  Liberator  
  86  20:23  Missile Turret  
  84  21:00  Missile Turret  
  80  21:49  Marine x2  
  80  21:50  Marine x3  
  85  22:07  Marine x5  
  90  22:25  Marine x5  
  95  22:40  Missile Turret  
  95  22:43  Terran Infantry Weapons Level 2  
  95  22:45  Orbital Command  
  95  23:44  Command Center  
  95  24:06  Command Center  
  95  24:31  Refinery  
  95  24:35  Refinery  
  95  24:47  Refinery  
  95  24:49  Refinery  
  95  25:01  SCV x3  
  98  25:13  SCV x3  
  101  25:15  Refinery  
  101  25:16  Refinery  
  101  25:20  Refinery  
  101  25:25  SCV x3  
  104  25:32  Refinery  
  104  25:36  SCV  
  104  25:37  SCV x3  
  108  25:48  SCV  
  108  25:49  SCV x3  
  112  26:00  SCV  
  112  26:01  SCV x3  
  116  26:12  SCV  
  116  26:13  SCV x2  
  116  26:14  SCV  
  120  26:25  SCV x3  
  122  26:26  SCV, Marine  
  122  26:27  Marine x4  
  129  26:35  Liberator x3  
  129  26:37  SCV x2  
  129  26:38  SCV x2  
  142  26:42  Siege Tank  
  142  26:44  Marine  
  142  26:45  Marine x4  
  150  26:49  SCV x2  
  150  26:50  SCV x2  
  154  27:01  SCV  
  155  27:02  Marine  
  156  27:18  Supply Depot x2  
  156  27:19  Supply Depot  
  156  27:21  Supply Depot  
  156  27:22  Missile Turret  
  156  27:34  Supply Depot x2  
  156  27:36  Supply Depot  
  156  27:37  Supply Depot x2  
  156  27:38  Supply Depot  
  156  27:39  Marine x5, Liberator, SCV x2  
  156  27:40  Supply Depot, SCV x2, Siege Tank, Liberator  
  156  27:42  Missile Turret, Supply Depot  
  174  27:51  SCV x2  
  174  27:52  SCV x2  
  174  27:57  Marine x4  
  182  28:02  Supply Depot  
  182  28:03  SCV x2  
  182  28:04  SCV x2  
  186  28:14  Marine x2  
  186  28:15  Marine, SCV x2  
  186  28:16  SCV x2  
  186  28:18  Siege Tank  
  196  28:21  Liberator  
  199  28:27  SCV  
  200  28:46  Terran Infantry Weapons Level 3  
  200  28:50  Terran Vehicle Weapons Level 1  
  108  29:46  Starport Tech Lab  
  108  29:48  Starport Reactor  
  106  29:58  Starport Reactor  
  87  30:13  Marine  
  84  30:14  Marine x4  
  85  30:22  Raven  
  72  30:31  Marine  
  72  30:32  Marine x4  
  72  30:35  Viking x2  
  74  30:39  Viking x2  
  76  30:44  Terran Vehicle And Ship Armor Level 1  
  76  30:49  Marine  
  74  30:50  Marine x4  
  74  30:57  Raven  
  73  31:00  Cyclone  
  71  31:05  Viking x2  
  71  31:07  Marine x5  
  71  31:09  Viking x2  
  78  31:23  Terran Infantry Armor Level 2  
  78  31:25  Marine x4  
  70  31:31  Raven  
  73  31:32  Cyclone  
  73  31:35  Viking x2  
  73  31:39  Viking x2  
  78  32:05  Cyclone, Viking x2, Raven  
  87  32:09  Viking x2  
  94  32:37  Cyclone  
  94  32:39  Terran Ship Weapons Level 1, Raven  
  94  32:42  Marine x3  
  94  32:43  Marine x2  
  101  32:46  Viking x4  
  109  33:00  Marine x5  
  114  33:09  Cyclone  
  117  33:13  Raven  
  117  33:16  Viking x4  
  117  33:18  Marine x5  
  132  33:35  Marine  
  132  33:36  Marine x4  
  132  33:39  Hi-Sec Auto Tracking  
  137  33:46  Viking x4, Orbital Command  
  145  33:54  Marine x3  
  145  33:55  Command Center  
  127  34:36  Neosteel Armor  
  101  35:16  Raven  
  101  35:17  Command Center  
  101  35:18  Viking  
  101  35:19  Viking  
  107  35:47  Marine  
  107  35:48  Marine x4  
  112  35:51  Raven  
  114  36:05  Marine  
  114  36:06  Marine x4  
  119  36:12  Orbital Command  
  119  36:23  Marine  
  119  36:24  Marine x4  
  119  36:25  Raven  
  126  36:41  Marine x2  
  126  36:42  Marine x2  
  130  36:59  Raven  
  127  37:13  Marine  
  127  37:14  Marine x4  
  132  37:31  Marine x5  
  132  37:33  Raven  
  139  37:45  Orbital Command  
  139  37:49  Marine x5  
  139  37:50  SCV x2  
  146  38:02  SCV  
  146  38:04  Terran Infantry Armor Level 3  
  147  38:07  Marine  
  147  38:08  Raven  
  146  38:42  Raven  
  146  38:46  Sensor Tower  
  148  38:52  Sensor Tower  
  145  39:22  Sensor Tower  
  107  39:57  Raven  
  73  40:31  Raven  
  61  41:05  Raven  
  28  41:39  Marine x5, Raven  
  33  41:43  Cloaking Field  
  35  41:56  Marine  
  35  41:57  Marine x4  
  38  42:14  Raven, Marine x3  
  38  42:15  Marine x2  
  34  42:20  Hyperflight Rotors  
  24  42:32  Marine x3  
  24  42:33  Marine x2  
  24  42:50  Marine  
  24  42:51  Marine x2  
  27  43:05  SCV  
  28  43:30  Orbital Command  
  28  44:04  SCV  
  28  44:05  SCV  
  30  44:16  SCV  
  31  44:17  SCV  
  31  44:22  Interference Matrix  
  32  44:29  SCV x2  
  34  44:41  SCV x2  
  36  44:53  SCV x2  
  36  44:56  Command Center  
  38  45:05  SCV x2  
  40  45:11  Sensor Tower  
  40  45:17  SCV x2  
  40  45:18  Refinery  
  40  45:21  Refinery  
  42  45:29  SCV  
  42  45:30  SCV  
  44  45:41  SCV  
  44  45:42  SCV  
  28  45:53  SCV  
  28  45:54  Marine x5  
  389  46:11  Orbital Command  
  7  46:12  Marine x5  
  10  46:29  Marine  
  10  46:30  Marine x2  
  13  46:57  SCV  
  14  47:09  SCV  
  15  48:06  SCV  
Tags
 
League
Silver
Matchup
PvT
Spawn Locations
Cross Positions
Add a new tag
Caveats
  • Supply blocks, unpowered buildings, or Contaminate may cause inaccurate times.
  • Supply counts are checked every 10 seconds.